AoeStats
← QUEVEDO

Yucatan

510853166Analyzed
4v4 RM · 7h ago on Oct 2, 2026· 37m 54s· 8 players
Game mode
Random Map
Map size
Large (8 player)
Population
200
Speed
Normal
Resources
Standard
Victory
Conquest
Starting age
Dark Age
Ending age
Imperial Age
RankedLock teamsTeams togetherTeam positionsShared explorationLock speedFull tech treeHidden civsTurbo modeCheats
Victory
Defeat
🇪🇸 Maya · Spain
1094
+14
🇪🇸 Magyars · Spain
1094
+14
🇺🇸 Cumans · United States
1086
+15
🇨🇦 Vikings · Canada
1038
+17
🇩🇪 Saxons · Germany
1196
-21
🇩🇪 Slavs · Germany
1040
-14
🇩🇪 Georgians · Germany
1011
-13
🇩🇪 Malay · Germany
974
-12
massimo_oddo
11:05 Feudal Age
9:21 Loom
15:34 Castle Age
13:54 Double-Bit Axe
13:51 Horse Collar
14:03 Gold Mining
23:23 Heavy Plow
24:48 Wheelbarrow
24:01 Town Watch
26:06 Hand Cart
26:12 Scale Mail Armor
26:10 Arson
27:38 Squires
27:23 Gambesons
28:25 Gold Shaft Mining
29:01 Bow Saw
29:58 Chain Mail Armor
29:53 Forging
30:39 Stone Mining
30:33 Pikeman
31:33 Forging
32:49 Iron Casting
36:26 Imperial Age
35:30 Fletching
36:57 Bodkin Arrow
36:43 Elite Varangian Guard
37:55 Plate Mail Armor
37:37 Clerical Recruitment
AirLuc
9:05 Loom
11:14 Feudal Age
13:51 Double-Bit Axe
18:22 Horse Collar
18:56 Man-at-Arms
27:22 Castle Age
27:16 Wheelbarrow
28:58 Husbandry
29:12 Bloodlines
32:29 Hand Cart
32:36 Heavy Plow
32:49 Bow Saw
32:30 Gold Mining
32:32 Stone Mining
33:35 Scale Barding Armor
33:40 Forging
35:50 Fletching
36:18 Long Swordsman
36:44 Gambesons
37:59 Iron Casting
37:26 Scale Mail Armor
37:22 Bodkin Arrow
Lainusz
6:30 Loom
13:24 Feudal Age
18:53 Castle Age
17:16 Horse Collar
17:24 Double-Bit Axe
18:20 Man-at-Arms
19:32 Long Swordsman
28:02 Scale Mail Armor
32:58 Chain Mail Armor
32:54 Forging
34:37 Pikeman
Cashflow21
9:49 Loom
12:06 Feudal Age
16:21 Castle Age
19:29 Man-at-Arms
21:26 Long Swordsman
22:10 Double-Bit Axe
29:16 Stone Mining
29:17 Gold Mining
34:39 Imperial Age
34:31 Pikeman
35:52 Halberdier
36:51 Forging
Clark_Kent__
0:27 Loom
10:40 Feudal Age
14:21 Castle Age
12:42 Double-Bit Axe
12:38 Horse Collar
14:06 Gold Mining
14:31 Eagle Warrior
15:57 Scale Mail Armor
17:45 Squires
23:06 Forging
27:42 Wheelbarrow
28:06 Bow Saw
28:02 Pikeman
28:48 Stone Mining
31:33 Stone Shaft Mining
33:51 Hand Cart
36:24 Imperial Age
34:25 Town Watch
35:03 Fletching
38:27 Holcans
39:05 Two-Man Saw
QUEVEDO
3:39 Loom
10:59 Feudal Age
15:13 Castle Age
14:39 Double-Bit Axe
16:17 Scale Barding Armor
16:37 Light Cavalry
18:25 Bloodlines
24:05 Gold Mining
31:20 Horse Collar
35:39 Imperial Age
35:40 Husbandry
35:34 Fletching
37:52 Bodkin Arrow
Pogi_Ender
2:02 Loom
11:26 Feudal Age
15:56 Castle Age
15:20 Double-Bit Axe
18:38 Wheelbarrow
22:30 Bow Saw
23:42 Horse Collar
25:01 Scale Barding Armor
27:04 Hand Cart
26:57 Gold Mining
27:54 Forging
28:04 Chain Barding Armor
30:56 Imperial Age
29:21 Gold Shaft Mining
29:19 Bloodlines
29:20 Town Watch
30:14 Iron Casting
30:52 Stone Mining
32:28 Plate Barding Armor
32:54 Blast Furnace
32:00 Elite Steppe Lancer
36:20 Fletching
37:33 Two-Man Saw
37:00 Ballistics
37:41 Chemistry
36:56 Steppe Husbandry
420fudu69
10:43 Feudal Age
14:41 Castle Age
13:24 Double-Bit Axe
13:19 Horse Collar
16:31 Loom
19:30 Bow Saw
19:24 Heavy Plow
24:52 Gold Mining
24:53 Stone Mining
27:11 Gold Shaft Mining
27:15 Town Watch
30:34 Imperial Age
29:24 Scale Mail Armor
30:21 Forging
30:26 Chain Mail Armor
30:01 Fletching
30:34 Ballistics
30:25 Fortified Wall
29:57 Crossbowman
30:38 Padded Archer Armor
30:20 Treadmill Crane
30:55 Chieftains
31:49 Crop Rotation
32:37 Iron Casting
32:32 Plate Mail Armor
32:24 Conscription
33:43 Chemistry
32:58 Elite Berserk
33:34 Capped Ram
35:14 Town Patrol
35:23 Siege Ram
37:32 Blast Furnace
36:38 Bogsveigar
37:07 Siege Engineers
37:13 Masonry
Connection lost

Rejoining the realm…

Still unreachable

The connection could not be restored.

Session expired

The server has moved on; the page needs a fresh start.